 Dungeon Crawl Stone Soup version 0.28-a0-1382-g92835e5c71 (webtiles) character file.

Game seed: 4747078014008717681

836 wotkd0121004 the Sneak (level 7, -5/41 HPs)
             Began as an Octopode Earth Elementalist on Jan 1, 2022.
             Slain by an ice beast (13 damage)
             ... on level 5 of the Dungeon.
             The game lasted 00:10:05 (4324 turns).

wotkd0121004 the Sneak (OpEE)                       Turns: 4324, Time: 00:10:06

Health: -5/41      AC:  3    Str:  8    XL:     7   Next: 99%
Magic:  8/13       EV: 13    Int: 19    God:
Gold:   141        SH:  3    Dex: 12    Spells: 10/14 levels left

rFire   + . .      SeeInvis .   d - +4 club (spect)
rCold   . . .      Faith    .   k - +0 buckler "Wietugge" {rPois rF+}
rNeg    . . .      Spirit   .   (helmet restricted)
rPois   +          Reflect  .   c - amulet of regeneration
rElec   .          Harm     .   (no ring)
rCorr   .          Rampage  .   (no ring)
Will    .....                   (no ring)
Stlth   ++++......              (no ring)
HPRegen 0.93/turn               (no ring)
MPRegen 0.13/turn               (no ring)
                                (no ring)
                                (no ring)

@: no status effects
A: almost no armour, amphibious, 8 rings, camouflage 1, gelatinous body 1,
(nimble swimmer 1), tentacles, iridescent scales 1, wild magic 1, MP-powered
wands
a: no special abilities


You were on level 5 of the Dungeon.
You visited 2 branches of the dungeon, and saw 6 of its levels.

You collected 141 gold pieces.

Inventory:

Hand Weapons
 d - a +4 spectral club (weapon)
 f - a +0 dagger
Missiles
 b - 85 stones
Armour
 k - the +0 buckler "Wietugge" (worn) {rPois rF+}
   (You acquired it on level 4 of the Dungeon)

   rF:        It protects you from fire.
   rPois:     It protects you from poison.
Jewellery
 a - a ring of ice
 c - an amulet of regeneration (around mantle)
Wands
 p - a wand of paralysis (8)
Scrolls
 e - 2 scrolls of teleportation
 g - a scroll of fog
 i - 2 scrolls of immolation
 n - 2 scrolls of blinking
Potions
 h - a potion of brilliance
 j - 3 potions of curing {unknown}
 l - a potion of mutation
 m - a potion of attraction {unknown}
 s - a potion of lignification


   Skills:
 + Level 3.8 Dodging
 * Level 6.1 Stealth
 + Level 1.1 Shields
 * Level 4.0 Spellcasting
 + Level 1.7 Conjurations
 + Level 3.3 Transmutations
 + Level 4.4 Earth Magic
 + Level 1.9 Evocations


You had 10 spell levels left.
You knew the following spells:

 Your Spells              Type           Power      Damage    Failure   Level
a - Sandblast             Erth           52%        2d12      5%          1
b - Stone Arrow           Conj/Erth      40%        3d9       24%         3

Your spell library contained the following spells:

 Spells                   Type           Power      Damage    Failure   Level
 Passwall                 Tmut/Erth      20%        N/A       10%         2
 Ensorcelled Hibernation  Hex/Ice        8%         N/A       38%         2
 Petrify                  Tmut/Erth      24%        N/A       47%         4
 Tukima's Dance           Hex            4%         N/A       61%         3
 Enfeeble                 Hex            2%         N/A       100%        7


Dungeon Overview and Level Annotations

Branches:
Dungeon (5/15)             Temple (1/1) D:4

Altars:
Cheibriados
Dithmenos
Elyvilon
Fedhas
Hepliaklqana
Kikubaaqudgha
Makhleb
Nemelex Xobeh
Okawaru
Qazlal
Ru
Sif Muna
Xom
Yredelemnul
The Shining One

Shops:
D:1 (


Innate Abilities, Weirdness & Mutations

You cannot wear most types of armour.
You are amphibious.
You can wear up to eight rings at the same time.
Your skin changes colour to match your surroundings (Stealth+).
Your rubbery body absorbs attacks. (AC +1, EV +1)
((You are camouflaged when in or above water. (Stealth+)))
You have tentacles for arms and can constrict up to eight enemies at once.
You are partially covered in iridescent scales. (AC +2)
Your spells are a little harder to cast, but a little more powerful.
You expend magic power (3 MP) to strengthen your wands.


Message History

You closely miss something.
Your +4 spectral club hits something.
Something hits you.
You closely miss something.
Your +4 spectral club hits something.
You hear some strange, mumbled words.
You are confused.
An ice beast comes into view.
You closely miss something.
Your +4 spectral club hits something.
Reactivating autopickup.
You feel a bit more experienced. What are your orders? t - Shout!
Anything else - Cancel.
Okay, then.
Unknown command.
Items here: )) ? [[ ††.
You feel less confused. The ice beast hits you. The ice beast freezes you!
You hit the ice beast but do no damage.
Your +4 spectral club hits the ice beast but does no damage.
The ice beast barely misses you.
You hit the ice beast.
The ice beast is lightly wounded.
Your +4 spectral club hits the ice beast but does no damage.
The ice beast misses you.
You hit the ice beast.
The ice beast is moderately wounded.
Your +4 spectral club hits the ice beast.
The ice beast hits you. The ice beast freezes you!
* * * LOW HITPOINT WARNING * * *
The ice beast barely misses you.
Casting: Sandblast (safe; 5% risk of failure)
Confirm with . or Enter, or press ? or * to list all spells.
Aiming: Sandblast (safe; 5% risk of failure)
Press: ? - help, Shift-Dir - straight line, f - ice beast
Aim: an ice beast (moderately wounded, 81% to hit)
The blast of sand hits the ice beast.
The ice beast is heavily wounded.
The ice beast hits you.
* * * LOW HITPOINT WARNING * * *
The ice beast freezes you!
You die...

.......###..o.#.#....####.
.#.##..# ###....#......>
.#. #### ####)......## ..
#))......( ## #.).......
#......... ##.........
##..Y§...... #...@.......
...............
........###.... .......###
.... ......# ... .#.... ..
#.... ..#.


You could see an ice beast.

Vanquished Creatures
  A black bear (D:5)
  A centaur (D:3)
  A phantom (D:4)
  Blork the orc (D:4)
  2 scorpions (D:4)
  A water moccasin skeleton (D:4)
  A gnoll shaman (D:4)
  Ijyb (D:3)
  3 orc wizards
  Natasha (thrice) (D:3)
  2 adders
  3 gnolls (D:4)
  An adder skeleton (D:4)
  2 worms
  11 orcs
  9 ball pythons
  7 bats
  10 endoplasms
  2 giant cockroaches (D:1)
  8 goblins
  10 hobgoblins
  3 jackals (D:1)
  3 quokkas
  3 frilled lizards
  2 kobolds
  7 rats
98 creatures vanquished.

Vanquished Creatures (others)
  4 plants (D:1)
4 creatures vanquished.

Grand Total: 102 creatures vanquished

Notes
Turn   | Place    | Note
-------+----------+-------------------------------------------
     0 | D:1      | wotkd0121004 the Octopode Earth Elementalist began the
                  | quest for the Orb.
     0 | D:1      | Reached XP level 1. HP: 11/11 MP: 3/3
   179 | D:1      | Reached XP level 2. HP: 17/17 MP: 1/5
   306 | D:1      | Reached skill level 3 in Stealth
   319 | D:1      | Found Qytex's Weapon Emporium.
   744 | D:1      | Reached XP level 3. HP: 19/21 MP: 2/6
  1071 | D:1      | Gained mutation: You expend magic power (3 MP) to
                  | strengthen your wands. [potion of mutation]
  1071 | D:1      | Gained mutation: Your spells are a little harder to cast,
                  | but a little more powerful. [potion of mutation]
  1071 | D:1      | Gained mutation: You are partially covered in iridescent
                  | scales. (AC +2) [potion of mutation]
  1653 | D:2      | Found a faded altar of an unknown god.
  1843 | D:2      | Reached XP level 4. HP: 22/27 MP: 7/7
  2726 | D:3      | Noticed Ijyb
  2736 | D:3      | Paralysed by Ijyb for 6 turns
  2749 | D:3      | Paralysed by Ijyb for 5 turns
  2759 | D:3      | Paralysed by Ijyb for 5 turns
  2776 | D:3      | Killed Ijyb
  2858 | D:3      | Noticed Natasha
  2860 | D:3      | Killed Natasha
  2861 | D:3      | Reached skill level 4 in Stealth
  2861 | D:3      | Reached XP level 5. HP: 31/31 MP: 6/9
  3099 | D:3      | Noticed a centaur
  3103 | D:3      | Killed a centaur
  3111 | D:3      | Learned a level 3 spell: Stone Arrow
  3234 | D:3      | Reached XP level 6. HP: 36/36 MP: 10/10
  3322 | D:3      | Noticed Natasha
  3329 | D:3      | Killed Natasha
  3529 | D:3      | Found a hazy altar of Hepliaklqana.
  3591 | D:4      | Found a white marble altar of Elyvilon.
  3610 | D:4      | Noticed a yak
  3611 | D:4      | Noticed a yak
  3683 | D:4      | Reached skill level 5 in Stealth
  3684 | D:4      | Noticed Blork the orc
  3702 | D:4      | Killed Blork the orc
  3703 | D:4      | Reached skill level 1 in Conjurations
  3703 | D:4      | Reached skill level 1 in Evocations
  3703 | D:4      | Reached XP level 7. HP: 18/41 MP: 3/12
  3780 | D:4      | Identified a scroll of acquirement
  3780 | D:4      | Acquired the +0 buckler "Wietugge" {rPois rF+}
  3877 | D:3      | Noticed Natasha
  3891 | D:3      | Killed Natasha
  3973 | D:4      | Found a staircase to the Ecumenical Temple.
  4001 | Temple   | Entered the Ecumenical Temple
  4226 | D:4      | Noticed a yak
  4243 | D:5      | Entered Level 5 of the Dungeon
  4303 | D:5      | Reached skill level 6 in Stealth
  4303 | D:5      | Reached skill level 1 in Shields
  4324 | D:5      | Slain by an ice beast

Illustrated notes

Levels and vault maps discovered:
D:1:      dpeg_arrival_prison, layout_basic, serial_shops,
          nicolae_shop_statue_plus, serial_bayou, serial_bayou_pond_d,
          serial_bayou_ford_a, serial_bayou_crossing, serial_bayou_pond_e,
          minmay_tiny_reverse_x
D:2:      layout_basic, hellmonk_ecumenical_altar_zigzags,
          nicolae_figureground_pulse
D:3:      layout_basic, nzn_hepliaklqana_mist_gate, hangedman_decor_points,
          hex_large, minmay_cut_off, uniq_ijyb, uniq_natasha
D:4:      layout_loops_ring, nicolae_overflow_crystal_walls,
          minmay_temple_entry_nine_rooms, gup_sewer_entry_bowl,
          uniq_blork_the_orc
D:5:      layout_rooms, overflow_temple_1_default, marbit_many_paths
Temple:   dshaligram_water_room_temple

Skill      XL: |  1  2  3  4  5  6  7 |
---------------+----------------------+-----
Stealth        | 3 4 5 6 |  6.1
Transmutations | 2 3 |  3.3
Dodging        | 3 |  3.8
Spellcasting   | 3 4 |  4.0
Earth Magic    | 4 |  4.4
Conjurations   | 1 |  1.7
Evocations     | 1 |  1.9
Shields        | 1 |  1.1

Action                   |  1- 3 |  4- 6 |  7- 9 || total
-------------------------+-------+-------+-------++-------
Melee: Dagger            |    47 |    37 |       ||    84
       Constrict         |    13 |    17 |    10 ||    40
       Tentacles         |     8 |     8 |     5 ||    21
       Club              |       |    38 |    42 ||    80
 Cast: Sandblast         |    38 |    33 |     6 ||    77
Evoke: Wand              |       |     1 |     2 ||     3
  Use: Potion            |     1 |     5 |       ||     6
       Scroll            |       |     3 |     9 ||    12
 Stab: Sleeping          |     1 |     9 |     5 ||    15
       Paralysed         |       |     3 |     2 ||     5
Armor: Skin              |     6 |    29 |     4 ||    39
Dodge: Dodged            |    47 |    45 |    29 ||   121
Block: Buckler           |       |       |     5 ||     5

Table legend: (Time is in decaauts)
 A = Elapsed time spent in this place.
 B = Non-inter-level travel time spent in this place.
 C = Inter-level travel time spent in this place.
 D = Time resting spent in this place.
 E = Time spent auto-exploring this place.
 F = Levels seen in this place.
 G = Mean time per level.
                   A        B        C        D        E       F      G
               +--------+--------+--------+--------+--------+-----+--------+
         Total |   4358 |   4267 |     91 |    508 |   2615 |   6 |  726.3 |
       Dungeon |   4278 |   4187 |     91 |    508 |   2615 |   5 |  855.6 |
        Temple |     79 |     79 |      0 |      0 |      0 |   1 |   79.0 |
               +--------+--------+--------+--------+--------+-----+--------+

Top non-repeatable levels by time:
     D:1: 1582 daAuts
     D:2: 1136 daAuts
     D:3: 945 daAuts
     D:4: 527 daAuts
     D:5: 86 daAuts
  Temple: 79 daAuts
